AoeStats
← Der Sprudel

Black Forest

509868528Analyzed
4v4 RM · 3d ago on Sep 28, 2026· 75m 40s· 8 players
Game mode
Random Map
Map size
Large (8 player)
Population
200
Speed
Normal
Resources
Standard
Victory
Conquest
Starting age
Dark Age
Ending age
Imperial Age
RankedLock teamsTeams togetherTeam positionsShared explorationLock speedFull tech treeHidden civsTurbo modeCheats
Victory
Defeat
🇩🇪 Bohemians · Germany
1502
+9
🇨🇳 Japanese · China
1466
+11
1337
+16
🇩🇪 Bengalis · Germany
1217
+21
🇯🇵 Khmer · Japan
1433
-18
🇯🇵 Huns · Japan
1375
-16
🇯🇵 Saxons · Japan
1345
-14
🇯🇵 Franks · Japan
1197
-9
ohawan12312
9:35 Feudal Age
9:48 Man-at-Arms
10:40 Loom
12:28 Fletching
22:28 Castle Age
20:45 Horse Collar
20:51 Double-Bit Axe
22:13 Fishing Lines
24:01 Bow Saw
24:48 Wheelbarrow
28:14 Hand Cart
31:44 Pikeman
35:21 Imperial Age
32:53 Scale Mail Armor
32:54 Squires
33:06 Forging
33:54 Heavy Plow
36:39 Conscription
36:17 Shield Wall
36:24 Elite Hearth Troop
36:48 Halberdier
37:59 Chain Mail Armor
38:20 Iron Casting
38:10 Onager
39:34 Bodkin Arrow
40:53 Bracer
42:10 Plate Mail Armor
44:06 Ballistics
44:47 Chemistry
46:06 Capped Ram
48:05 Siege Engineers
49:03 Coinage
51:28 Banking
50:59 Caravan
51:38 Arson
52:14 Masonry
55:09 Town Watch
55:39 Siege Ram
57:57 Elite Varangian Guard
59:20 Gambesons
68:38 Heavy Scorpion
teko55
11:34 Feudal Age
12:26 Loom
13:10 Fishing Lines
16:23 Castle Age
14:50 Double-Bit Axe
19:30 Bow Saw
19:48 Horse Collar
24:35 Scale Barding Armor
25:28 Heavy Plow
26:08 Wheelbarrow
27:19 Gillnets
27:26 Fletching
31:44 Imperial Age
29:57 Chain Barding Armor
29:53 Bloodlines
29:44 Husbandry
29:55 Forging
30:31 Hand Cart
31:46 Marauders
32:24 Iron Casting
31:41 Gold Mining
33:05 Plate Barding Armor
33:22 Conscription
33:52 Gold Shaft Mining
35:22 Blast Furnace
35:25 Bodkin Arrow
36:05 Elite Tarkan
38:11 Capped Ram
41:32 Siege Ram
42:49 Coinage
47:24 Guilds
47:48 Banking
47:19 Caravan
48:39 Two-Man Saw
47:41 Bracer
47:42 Padded Archer Armor
47:42 Scale Mail Armor
48:04 Ballistics
48:45 Chemistry
47:55 Masonry
51:07 Town Watch
55:43 Thumb Ring
56:04 Parthian Tactics
55:00 Elite Skirmisher
55:01 Heavy Cavalry Archer
55:03 Pikeman
55:44 Squires
55:30 Arson
56:01 Chain Mail Armor
57:18 Halberdier
60:30 Leather Archer Armor
Masspy
7:08 Loom
12:47 Feudal Age
15:33 Castle Age
13:25 Double-Bit Axe
13:38 Fishing Lines
14:26 Horse Collar
16:25 Bow Saw
19:03 Heavy Plow
20:57 Gold Mining
26:31 Fletching
31:25 Imperial Age
29:42 Town Watch
30:20 Pikeman
32:23 Gold Shaft Mining
31:40 Stone Mining
32:34 Conscription
32:15 Halberdier
33:59 Onager
41:07 Forging
40:58 Scale Mail Armor
42:17 Elite Skirmisher
45:19 Bodkin Arrow
45:50 Ballistics
47:43 Siege Engineers
48:39 Chemistry
48:45 Wheelbarrow
49:00 Bracer
49:01 Padded Archer Armor
49:17 Chain Mail Armor
49:38 Iron Casting
51:50 Leather Archer Armor
55:54 Ring Archer Armor
56:25 Blast Furnace
56:06 Capped Ram
57:57 Scale Barding Armor
57:41 Siege Ram
60:04 Caravan
61:03 Bloodlines
60:53 Husbandry
60:14 Light Cavalry
63:06 Hand Cart
63:08 Masonry
63:41 Conscription
65:53 Chain Barding Armor
69:27 Man-at-Arms
72:31 Heavy Scorpion
532531
7:17 Loom
11:10 Feudal Age
14:50 Castle Age
13:17 Double-Bit Axe
15:44 Bow Saw
18:50 Wheelbarrow
21:44 Hand Cart
25:36 Gold Mining
30:09 Imperial Age
28:38 Scale Barding Armor
28:39 Town Watch
29:32 Husbandry
29:34 Fletching
29:56 Forging
31:23 Conscription
30:29 Cavalier
30:33 Pikeman
31:17 Chivalry
31:43 Treadmill Crane
32:59 Town Patrol
33:08 Paladin
36:03 Chain Barding Armor
36:19 Iron Casting
37:06 Halberdier
37:47 Squires
37:32 Arson
39:02 Scale Mail Armor
40:53 Hoardings
41:18 Iron Casting
40:59 Chain Mail Armor
41:21 Bodkin Arrow
41:53 Cranequins
43:12 Padded Archer Armor
42:39 Heavy Mounted Crossbowman
44:58 Chemistry
44:28 Leather Archer Armor
46:58 Ordonnance Companies
48:29 Elite Skirmisher
55:53 Light Cavalry
Der Sprudel
11:48 Feudal Age
15:34 Castle Age
14:47 Double-Bit Axe
15:05 Horse Collar
16:29 Bow Saw
22:51 Fishing Lines
23:45 Loom
24:51 Gillnets
27:57 Wheelbarrow
27:08 Town Watch
31:30 Imperial Age
29:27 Scale Barding Armor
29:52 Hand Cart
30:23 Gold Mining
31:13 Chain Barding Armor
31:44 Forging
31:48 Bloodlines
31:39 Husbandry
33:09 Plate Barding Armor
33:10 Iron Casting
31:57 Elite Battle Elephant
33:56 Two-Man Saw
35:43 Blast Furnace
41:35 Conscription
41:24 Paiks
41:37 Fletching
41:48 Padded Archer Armor
43:25 Mahayana
49:07 Caravan
52:42 Masonry
52:55 Ballistics
53:35 Chemistry
66:39 Coinage
66:22 Guilds
71:28 Banking
Vicky R
0:28 Loom
11:11 Feudal Age
15:13 Castle Age
13:49 Double-Bit Axe
14:08 Horse Collar
20:17 Redemption
21:38 Sanctity
28:30 Imperial Age
27:06 Fervor
27:51 Wheelbarrow
28:24 Chemistry
28:29 Wheelbarrow
28:59 Bow Saw
29:59 Block Printing
29:59 Heavy Plow
31:23 Theocracy
34:11 Squires
33:31 Pikeman
34:47 Halberdier
35:37 Forging
35:48 Fletching
36:39 Scale Mail Armor
38:34 Two-Man Saw
37:56 Conscription
37:55 Chain Mail Armor
38:01 Arson
38:53 Iron Casting
39:40 Plate Mail Armor
39:43 Caravan
40:14 Padded Archer Armor
42:07 Blast Furnace
42:13 Leather Archer Armor
42:41 Wagenburg Tactics
43:23 Houfnice
45:19 Ring Archer Armor
45:01 Masonry
45:42 Coinage
46:30 Hand Cart
47:59 Banking
48:33 Murder Holes
48:45 Siege Engineers
51:03 Architecture
51:07 Man-at-Arms
52:13 Ballistics
51:49 Murder Holes
52:29 Long Swordsman
53:12 Two-Handed Swordsman
53:55 Champion
55:07 Bodkin Arrow
55:39 Town Watch
55:50 Elite Skirmisher
62:44 Town Patrol
66:18 Capped Ram
67:04 Bracer
66:58 Guard Tower
66:54 Arrowslits
67:30 Bombard Tower
71:39 Scale Barding Armor
72:27 Fortified Wall
72:45 Heresy
水母系呆萌美少女可可
11:24 Feudal Age
15:23 Castle Age
13:38 Loom
14:36 Double-Bit Axe
15:31 Horse Collar
16:57 Bow Saw
17:07 Fishing Lines
20:54 Wheelbarrow
23:12 Hand Cart
24:30 Gillnets
25:25 Heavy Plow
25:51 Stone Mining
25:52 Gold Mining
30:33 Imperial Age
28:40 Fletching
29:26 Medical Corps
30:20 Town Watch
30:33 Bodkin Arrow
30:38 Padded Archer Armor
30:47 Thumb Ring
31:40 Conscription
33:15 Elite Elephant Archer
34:00 Bracer
34:16 Leather Archer Armor
34:56 Coinage
36:59 Two-Man Saw
36:35 Ring Archer Armor
37:10 Chemistry
36:13 Husbandry
36:50 Scale Barding Armor
39:11 Banking
38:16 Pikeman
38:57 Squires
38:52 Halberdier
39:48 Caravan
40:28 Scale Mail Armor
40:39 Forging
42:52 Chain Mail Armor
47:35 Wootz Steel
47:47 Plate Mail Armor
47:53 Iron Casting
47:12 Elite Urumi Swordsman
48:34 Hoardings
49:27 Masonry
62:08 Siege Elephant
63:54 Onager
64:52 Guilds
70:06 Arson
73:00 Blast Furnace
73:45 Gambesons
73:20 Man-at-Arms
74:21 Siege Onager
74:35 Long Swordsman
75:11 Two-Handed Swordsman
大骚刚
0:27 Loom
11:30 Feudal Age
12:12 Man-at-Arms
12:37 Arson
14:52 Double-Bit Axe
14:48 Horse Collar
24:20 Scale Mail Armor
28:55 Castle Age
27:27 Fletching
27:35 Stone Mining
31:43 Fortified Wall
31:52 Heavy Plow
32:12 Bow Saw
35:32 Squires
37:03 Wheelbarrow
37:02 Heavy Plow
40:20 Forging
45:42 Hand Cart
51:34 Imperial Age
50:45 Gambesons
50:21 Pikeman
51:01 Pikeman
53:35 Chain Mail Armor
54:58 Halberdier
57:49 Two-Man Saw
57:22 Plate Mail Armor
57:27 Iron Casting
60:44 Caravan
61:15 Coinage
61:49 Iron Casting
61:54 Coinage
64:07 Long Swordsman
66:38 Two-Handed Swordsman
72:45 Blast Furnace
Connection lost

Rejoining the realm…

Still unreachable

The connection could not be restored.

Session expired

The server has moved on; the page needs a fresh start.